 Dungeon Crawl Stone Soup version 0.22-a0-307-g2b15929 (webtiles) character file.

13304 vineage the Basher (level 12, -8/118 HPs)
             Began as a Gargoyle Fighter on Apr 1, 2018.
             Was a High Priest of Okawaru.
             Killed from afar by an ice dragon (19 damage)
             ... with a blast of cold
             ... on level 2 of the Orcish Mines.
             The game lasted 00:22:14 (10831 turns).

vineage the Basher (Gargoyle Fighter)              Turns: 10831, Time: 00:22:15

Health: -8/118     AC: 32    Str: 33    XL:     12   Next: 4%
Magic:  9/12       EV: 12    Int: 10    God:    Okawaru [*****.]
Gold:   778        SH: 16    Dex: 15    Spells: 11/11 levels left

rFire    x . .     SeeInvis .   S - +0 morningstar (protect)
rCold    . . .     Gourm    .   c - +1 shield
rNeg     + . .     Faith    .   d - +1 chain mail of Impressiveness {rF- MR+ Str+5}
rPois    ∞         Spirit   .   (no helmet)
rElec    +         Reflect  .   D - scarf {cloud immunity}
rCorr    .         Harm     .   K - +0 pair of gloves
MR       ++...                  q - +0 pair of boots
Stlth    ..........             (no amulet)
HPRegen  0.29/turn              i - ring of protection from magic
MPRegen  0.13/turn              b - +5 ring of dexterity

@: berserking, heroism, protection aura, hasted, very quick
A: negative energy resistance 1, electricity resistance, unbreathing,
petrification resistance, rot immunity, AC +8
a: Heroism, Finesse, Renounce Religion


You were on level 2 of the Orcish Mines.
You worshipped Okawaru.
Okawaru was extremely pleased with you.
You were not hungry.

You visited 2 branches of the dungeon, and saw 13 of its levels.
You also visited: Sewer.

You collected 986 gold pieces.
You spent 208 gold pieces at shops.

Inventory:

Hand Weapons
 a - a +1 flail
 S - a +0 morningstar of protection (weapon)
Armour
 c - a +1 shield (worn)
 d - the +1 chain mail of Impressiveness (worn) {rF- MR+ Str+5}
   (Okawaru gifted it to you on level 2 of the Orcish Mines)

   It affects your strength (+5).
   It makes you vulnerable to fire.
   It affects your resistance to hostile enchantments.
 q - a +0 pair of boots (worn)
 D - a scarf of cloud immunity (worn)
 E - the +1 plate armour of Ossycam {Int+4}
   (You found it on level 7 of the Dungeon)

   It affects your intelligence (+4).
 I - +0 steam dragon scales
 K - a +0 pair of gloves (worn)
Jewellery
 b - a +5 ring of dexterity (right hand)
 i - a ring of protection from magic (left hand)
 v - a +1 ring of protection
 z - an uncursed ring of magical power
 R - an uncursed ring of protection from fire {unknown}
Wands
 j - a wand of digging (24)
 y - a wand of polymorph (9)
 G - a wand of enslavement (9)
 H - a wand of disintegration (16)
 J - a wand of iceblast (7)
 O - a wand of acid (8)
 P - a wand of paralysis (22)
Scrolls
 e - a scroll of magic mapping
 h - 3 scrolls of fear
 k - 5 scrolls of remove curse
 l - 2 scrolls of enchant armour
 n - 3 scrolls of enchant weapon
 r - 5 scrolls of teleportation
 x - 2 scrolls of amnesia
 A - a scroll of fog
Potions
 m - a potion of haste
 o - 3 potions of lignification
 p - 4 potions of curing
 s - a potion of flight
 t - a potion of invisibility {unknown}
 u - 2 potions of agility
 B - a potion of cancellation {unknown}
 C - a potion of degeneration {unknown}
 F - a potion of brilliance
 M - a potion of resistance {unknown}
Comestibles
 f - 14 rations


   Skills:
 + Level 10.7(15.7) Fighting
 * Level 13.0(18.0) Maces & Flails
 + Level 8.5(13.5) Armour
 + Level 8.4(13.4) Shields


You had 11 spell levels left.
You didn't know any spells.

Dungeon Overview and Level Annotations

Branches:
Dungeon (11/15)            Temple (0/1) D:6             Orc (2/2) D:11
    Elf (0/3) Orc:2
   Lair: D:8-11

Altars:
Cheibriados
Dithmenos
Gozag
Hepliaklqana
Kikubaaqudgha
Makhleb
Okawaru
Sif Muna
Trog
Uskayaw
Wu Jian
Xom
Zin
The Shining One
Beogh

Shops:
D:9 !   Orc:2 [*(

Portals:
Trove: D:11 (give 7 potions of agility)


Innate Abilities, Weirdness & Mutations

You are resistant to torment.
Your stone body is resilient. (AC +8)
You are immune to poison.
You resist negative energy. (rN+)
You are resistant to electric shocks. (rElec)
You can survive without breathing.
You are immune to petrification.
You are immune to rotting.


Message History

The polar bear is heavily wounded.
The orc misses you.
You bludgeon the polar bear!!
The polar bear is almost dead.
The polar bear goes berserk!
You bludgeon the polar bear!!
You kill the polar bear!
Okawaru accepts your kill. You block the ice dragon's attack.
The ice dragon barely misses you. The ice dragon tramples you!
* * * LOW HITPOINT WARNING * * *
You hold your ground!
You bludgeon the ice dragon!!
The ice dragon is moderately wounded.
The orc hits you but does no damage.
You sock the ice dragon!
The ice dragon is moderately wounded.
The ice dragon breathes frost at you. The blast of cold hits you!
You die...

............#.....###....###..
............^......#..........
...8..#.....>...).(.(.(....##.
#............#...........
#.....###o####.###....#.∩.#
###..## ##)###..###....)...
#... ##o##..##.....)#.. ##..
#o###.####.....).. .... #@#
### ##..))[.# .... #.D#
#.....## ....####.. ###......#
...# ##.#....... ....
#.......#.. .....# #....#####.
.....# #....# #.. ##...##
##...## ##. #.....###..


You could see an ice dragon, an orc priest and an orc.

Vanquished Creatures
  Josephine (D:10)
  3 two-headed ogres
  The ghost of Serpenta the Fighter, a novice VSCK of Xom (D:7)
  2 orc knights
  A guardian mummy (D:11)
  A hornet (D:11)
  2 polar bears (Orc:2)
  A hippogriff (D:9)
  2 yaks (Orc:2)
  5 wraiths
  Eustachio (D:4)
  Grum (D:11)
  3 hungry ghosts
  A steam dragon (D:10)
  A warg (Orc:2)
  A soldier ant (D:9)
  2 insubstantial wisps (D:10)
  2 ice beasts
  9 orc warriors
  A phantom (D:9)
  5 sky beasts
  5 ogres
  2 centaurs
  6 wolves
  A big kobold (D:9)
  4 bullfrogs
  A water moccasin zombie (D:8)
  2 scorpions
  8 wights
  A howler monkey (D:6)
  6 electric eels (D:8)
  3 crimson imps
  3 bullfrog zombies
  3 centaur zombies
  6 jellies
  A quasit (D:8)
  3 hounds
  12 orc priests
  2 bullfrog skeletons
  2 centaur skeletons
  Natasha (thrice) (D:2)
  Terence (D:2)
  10 orc wizards
  4 worker ants
  A killer bee zombie (D:6)
  A hound zombie (D:11)
  3 hound skeletons
  A worker ant zombie (D:10)
  7 gnolls
  7 adders
  A river rat (D:3)
  2 shadow imps
  An ooze (D:2)
  A worm (D:2)
  2 dart slugs
  4 leopard geckos
  58 orcs
  14 bats
  8 giant cockroaches
  6 goblins
  3 hobgoblins
  10 jackals
  5 quokkas
  A ball python (D:7)
  7 frilled lizards
  A jackal skeleton (D:8)
  A jackal zombie (D:7)
  8 kobolds
  A quokka zombie (D:5)
  5 rats
294 creatures vanquished.

Vanquished Creatures (others)
  5 plants (D:8)
5 creatures vanquished.

Grand Total: 299 creatures vanquished

Notes
Turn   | Place    | Note
-------+----------+-------------------------------------------
     0 | D:1      | vineage the Gargoyle Fighter began the quest for the Orb.
     0 | D:1      | Reached XP level 1. HP: 14/14 MP: 1/1
    62 | D:1      | Reached XP level 2. HP: 19/19 MP: 2/2
   474 | D:2      | Reached skill level 3 in Maces & Flails
   536 | D:2      | Reached XP level 3. HP: 24/24 MP: 3/3
   830 | D:2      | Noticed Terence
   842 | D:2      | Killed Terence
   842 | D:2      | Reached XP level 4. HP: 29/29 MP: 4/4
   915 | D:2      | Reached skill level 4 in Maces & Flails
  1040 | D:2      | Reached XP level 5. HP: 32/34 MP: 5/5
  1231 | D:2      | Noticed Natasha
  1242 | D:2      | Killed Natasha
  1296 | D:2      | Noticed Natasha
  1308 | D:2      | Killed Natasha
  1509 | D:2      | Noticed Natasha
  1514 | D:2      | Killed Natasha
  1514 | D:2      | Reached skill level 5 in Maces & Flails
  1689 | D:3      | Reached XP level 6. HP: 36/40 MP: 6/6
  1798 | D:3      | Found a glowing drain.
  1800 | D:3      | Reached skill level 5 in Fighting
  1828 | Sewer    | Entered a sewer
  2519 | D:4      | Found the +2 robe of Vines {NoPotionHeal Regen+7}
  2622 | D:4      | Noticed Eustachio
  2687 | D:4      | Killed Eustachio
  2687 | D:4      | Reached skill level 6 in Maces & Flails
  2687 | D:4      | Reached XP level 7. HP: 39/44 MP: 7/7
  3055 | D:4      | Found a shimmering altar of Xom.
  3298 | D:5      | Entered Level 5 of the Dungeon
  3699 | D:5      | Reached skill level 7 in Maces & Flails
  4140 | D:6      | Reached XP level 8. HP: 33/52 MP: 8/8
  4274 | D:6      | Found a hazy altar of Hepliaklqana.
  4279 | D:6      | Found a shimmering altar of Xom.
  4280 | D:6      | Noticed a spectral ugly thing
  4344 | D:6      | Reached skill level 8 in Maces & Flails
  4612 | D:6      | Found a shadowy altar of Dithmenos.
  4765 | D:6      | Found a staircase to the Ecumenical Temple.
  4928 | D:7      | Reached skill level 9 in Maces & Flails
  4947 | D:7      | Found a burning altar of Makhleb.
  4952 | D:7      | Found a glowing silver altar of Zin.
  4953 | D:7      | Found a deep blue altar of Sif Muna.
  4953 | D:7      | Found an ornate altar of the Wu Jian Council.
  4953 | D:7      | Found a snail-covered altar of Cheibriados.
  4953 | D:7      | Found an opulent altar of Gozag.
  4956 | D:7      | Found a glowing golden altar of the Shining One.
  4957 | D:7      | Found a hide-covered altar of Uskayaw.
  4958 | D:7      | Found an ancient bone altar of Kikubaaqudgha.
  4959 | D:7      | Found an iron altar of Okawaru.
  4964 | D:7      | Became a worshipper of Warmaster Okawaru
  5007 | D:7      | Reached XP level 9. HP: 53/58 MP: 9/9
  5032 | D:7      | Noticed a two-headed ogre
  5051 | D:7      | Killed a two-headed ogre
  5051 | D:7      | Reached * piety under Okawaru
  5516 | D:7      | Noticed Serpenta's ghost (novice VSCK)
  5532 | D:7      | Killed Serpenta's ghost
  5532 | D:7      | Reached ** piety under Okawaru
  5532 | D:7      | Reached skill level 10 in Maces & Flails
  5547 | D:7      | Got a faintly glowing plate armour
  5618 | D:7      | Reached skill level 5 in Armour
  5618 | D:7      | Reached skill level 5 in Shields
  6119 | D:7      | Identified the cursed +1 plate armour of Ossycam {Int+4} (You found it on level 7 of the Dungeon)
  6270 | D:8      | Reached XP level 10. HP: 58/65 MP: 10/10
  7113 | D:9      | Reached skill level 11 in Maces & Flails
  7188 | D:9      | Reached *** piety under Okawaru
  7205 | D:9      | Found Kuda's Distillery.
  7208 | D:9      | Bought a potion of heal wounds for 80 gold pieces
  7208 | D:9      | Bought a potion of heal wounds for 80 gold pieces
  7208 | D:9      | Bought a potion of curing for 48 gold pieces
  7617 | D:10     | Entered Level 10 of the Dungeon
  7708 | D:10     | Reached **** piety under Okawaru
  8041 | D:10     | Noticed Josephine
  8078 | D:10     | Killed Josephine
  8078 | D:10     | Reached XP level 11. HP: 37/72 MP: 11/11
  8087 | D:10     | Reached skill level 12 in Maces & Flails
  8102 | D:10     | Reached ***** piety under Okawaru
  8300 | D:10     | Reached skill level 10 in Fighting
  8678 | D:11     | Noticed Grum
  8717 | D:11     | Killed Grum
  8757 | D:11     | Noticed a two-headed ogre
  8777 | D:11     | Killed a two-headed ogre
  8777 | D:11     | Received a gift from Okawaru
  8817 | D:11     | Noticed a two-headed ogre
  8837 | D:11     | Killed a two-headed ogre
  8924 | D:11     | Noticed an orc knight
  9193 | D:11     | Killed an orc knight
  9354 | D:11     | Found a staircase to the Orcish Mines.
  9362 | D:11     | Found a roughly hewn altar of Beogh.
  9518 | D:11     | Found a portal to a secret trove of treasure.
  9729 | Orc:1    | Entered Level 1 of the Orcish Mines
  9779 | Orc:2    | Entered Level 2 of the Orcish Mines
  9896 | Orc:2    | Found Asade's Weapon Emporium.
  9899 | Orc:2    | Found a bloodstained altar of Trog.
  9946 | Orc:2    | Found Koroisuett's Assorted Antiques.
 10268 | Orc:2    | Noticed an orc sorcerer
 10268 | Orc:2    | Noticed an orc knight
 10272 | Orc:2    | Noticed an orc warlord
 10273 | Orc:2    | Found Huomeos's Armour Emporium.
 10277 | Orc:2    | Noticed an orc knight
 10278 | Orc:2    | Noticed an orc knight
 10278 | Orc:2    | Noticed an orc knight
 10278 | Orc:2    | Noticed an orc high priest
 10470 | Orc:2    | Found a staircase to the Elven Halls.
 10505 | Orc:2    | Killed an orc knight
 10505 | Orc:2    | Received a gift from Okawaru
 10517 | Orc:2    | Got a warped chain mail {god gift}
 10528 | Orc:2    | Identified the +1 chain mail of Impressiveness {rF- MR+ Str+5} (Okawaru gifted it to you on level 2 of the Orcish Mines)
 10782 | Orc:2    | Noticed an ice dragon
 10812 | Orc:2    | Reached skill level 13 in Maces & Flails
 10812 | Orc:2    | Reached XP level 12. HP: 56/79 MP: 10/12
 10831 | Orc:2    | Killed from afar by an ice dragon

Vault maps used:
D:1:      minmay_arrival_cross
D:2:      first_ration, uniq_terence, uniq_natasha
D:3:      cheibrodos_sewer_entry_sluice
D:4:      lemuel_statue_altar, uniq_eustachio
D:6:      regret_index_temple_of_mockery, nicolae_dithmenos_the_darkroom,
          temple_hall
D:7:      minitemple
D:8:      cheibrodos_two_vegetables, erik_lair_island, serial_glass,
          glass_columns_c, glass_columns_a, the_bakery, uniq_erica, uniq_psyche
D:9:      serial_shops, shop
D:10:     hangedman_misty_isle, uniq_josephine
D:11:     david_orc_5, nicolae_trove_entry_path_of_doom, uniq_grum
Orc:2:    grunt_orc_cross, basic_altar,
          portal_ice_cave_entry_animals_and_master, serial_shops, shop,
          nicolae_shop_stone, shop
Sewer:    sewer_fruit_machine

Skill      XL: |  1  2  3  4  5  6  7  8  9 10 11 |
---------------+----------------------------------+-----
Maces & Flails | 3 4 5 6 7 9 10 11 13 | 13.0
Fighting       | 4 5 6 7 8 9 10 | 10.7
Armour         | 5 7 8 |  8.5
Shields        | 5 7 8 |  8.4

Action                   |  1- 3 |  4- 6 |  7- 9 | 10-12 || total
-------------------------+-------+-------+-------+-------++-------
Melee: Flail             |   108 |   262 |   346 |   697 ||  1413
       Morningstar       |       |       |       |    76 ||    76
Invok: Heroism           |       |       |     1 |     7 ||     8
  Use: Scroll            |     6 |     5 |     8 |    10 ||    29
       Potion            |       |     1 |     7 |    13 ||    21
  Eat: Chunk             |       |     7 |    10 |    15 ||    32
       Ration            |       |       |     3 |     2 ||     5
Armor: Scale mail        |    64 |   164 |       |       ||   228
       Plate armour      |       |    39 |   234 |   376 ||   649
       Chain mail        |       |       |       |    29 ||    29
Dodge: Dodged            |    44 |    85 |    39 |   135 ||   303
Block: Shield            |    63 |   164 |   219 |   459 ||   905

Table legend:
 A = Spawn XP
 B = Non-spawn XP
 C = Spawn XP percentage of total XP
 D = Spawn monster count
 E = Non-spawn monster count
 F = Spawn count percentage of total count
 G = Total turns spent on level
                    A         B        C        D         E        F      G
               +---------+---------+-------+---------+---------+-------+---------
         Total |       0 |   19007 |   0.0 |       0 |     294 |   0.0 | 10831
               +---------+---------+-------+---------+---------+-------+---------
           D:1 |       0 |      26 |   0.0 |       0 |      15 |   0.0 |   454
           D:2 |       0 |     275 |   0.0 |       0 |      29 |   0.0 |  1106
           D:3 |       0 |      88 |   0.0 |       0 |      16 |   0.0 |   616
           D:4 |       0 |     374 |   0.0 |       0 |      11 |   0.0 |   779
           D:5 |       0 |     261 |   0.0 |       0 |      18 |   0.0 |   804
           D:6 |       0 |     984 |   0.0 |       0 |      22 |   0.0 |   795
           D:7 |       0 |    2188 |   0.0 |       0 |      21 |   0.0 |  1243
           D:8 |       0 |    1657 |   0.0 |       0 |      23 |   0.0 |   900
           D:9 |       0 |    1418 |   0.0 |       0 |      23 |   0.0 |   577
          D:10 |       0 |    3948 |   0.0 |       0 |      28 |   0.0 |   990
          D:11 |       0 |    4240 |   0.0 |       0 |      35 |   0.0 |  1122
         Orc:2 |       0 |    3513 |   0.0 |       0 |      39 |   0.0 |  1052
         Sewer |       0 |      35 |   0.0 |       0 |      14 |   0.0 |   343
               +---------+---------+-------+---------+---------+-------+---------
